Map: Jagannatha LE

Players

PtitDrogo

  • Race: Protoss Protoss

MaNa - Winner!

  • Race: Protoss Protoss

Event: DreamHack SC2 Masters 2021 Fall

VOD

Have the link to the VOD?

Description

Time

  • Played on: Aug. 11, 2021, 12:16 p.m.
  • Length: 6:20

All games in this series

Show
View Real Time Build Order
Export as new Build Order

PtitDrogo Protoss 

Build Orders: Phoenix Opening 

Get SALT Encoding   

  12  0:00  Probe  
  13  0:12  Probe  
  14  0:17  Pylon  
  14  0:24  Probe (Chrono Boost)  
  15  0:36  Probe (Chrono Boost)  
  15  0:39  Gateway  
  16  0:45  Probe (Chrono Boost)  
  16  0:47  Assimilator  
  17  0:51  Probe  
  17  0:55  Assimilator  
  18  1:03  Probe (Chrono Boost)  
  19  1:09  Gateway  
  19  1:12  Probe (Chrono Boost)  
  19  1:18  Probe  
  21  1:26  Cybernetics Core  
  21  1:30  Probe  
  22  1:34  Pylon  
  22  1:42  Probe  
  23  2:02  Stalker x2  
  23  2:03  Warp Gate  
  23  2:06  Probe  
  28  2:15  Pylon  
  28  2:26  Pylon  
  28  2:33  Sentry  
  30  2:45  Nexus  
  30  2:46  Probe (Chrono Boost)  
  31  2:53  Sentry  
  31  2:56  Probe (Chrono Boost)  
  34  2:59  Shield Battery  
  34  3:03  Sentry  
  36  3:06  Probe  
  36  3:07  Phoenix  
  37  3:15  Pylon  
  37  3:18  Probe (Chrono Boost)  
  38  3:29  Probe (Chrono Boost)  
  38  3:33  Twilight Council  
  39  3:34  Probe (Chrono Boost)  
  40  3:44  Probe  
  41  3:56  Gateway  
  41  3:57  Stalker x2  
  46  4:03  Shield Battery  
  46  4:07  Shield Battery  
  45  4:18  Pylon  
  45  4:21  Sentry x2  
  49  4:26  Shield Battery  
  49  4:28  Pylon  
  49  4:39  Stalker x2  
  49  4:44  Pylon  
  53  4:56  Stalker  
  43  5:03  Stalker  
  43  5:04  Stalker  
  39  5:20  Stalker  
  39  5:26  Stalker  
  39  5:27  Stalker  
  36  5:45  Stalker  
  34  5:51  Stalker x2  
  32  6:08  Stalker  
  32  6:16  Stalker x2  
Show
View Real Time Build Order
Export as new Build Order

MaNa Protoss - Winner!

Build Orders: Blink Stalkers 

Get SALT Encoding   

  12  0:00  Probe  
  13  0:12  Probe  
  14  0:17  Pylon  
  14  0:24  Probe (Chrono Boost)  
  15  0:37  Gateway, Probe (Chrono Boost)  
  16  0:44  Probe (Chrono Boost)  
  16  0:46  Assimilator  
  17  0:51  Probe  
  17  0:55  Assimilator  
  18  1:03  Probe (Chrono Boost)  
  19  1:08  Gateway  
  19  1:12  Probe (Chrono Boost)  
  19  1:17  Probe (Chrono Boost)  
  21  1:25  Cybernetics Core  
  21  1:29  Probe  
  22  1:35  Pylon  
  22  1:41  Probe  
  23  2:02  Stalker x2, Warp Gate  
  23  2:06  Probe  
  28  2:14  Pylon  
  28  2:18  Probe  
  29  2:27  Twilight Council  
  29  2:32  Stalker  
  31  2:38  Stalker  
  32  2:55  Gateway  
  32  2:57  Blink (Chrono Boost)  
  32  3:11  Stalker  
  34  3:16  Stalker  
  36  3:22  Pylon  
  36  3:28  Shield Battery  
  36  3:40  Gateway  
  36  3:56  Stalker  
  36  3:57  Stalker  
  36  4:00  Stalker  
  42  4:07  Pylon  
  42  4:35  Stalker x3  
  48  4:38  Stalker  
  50  4:51  Pylon  
  40  5:08  Stalker x2  
  42  5:21  Stalker x2  
  38  5:51  Stalker x4  

Tags
 
Add a new tag
Caveats
  • Supply blocks, unpowered buildings, or Contaminate may cause inaccurate times.
  • Supply counts are checked every 10 seconds.